 Dungeon Crawl Stone Soup version 0.20.0-15-g7f486f2 (webtiles) character file.

2593 protoss039 the Thaumaturge (level 9, 0/46 HPs)
             Began as a Deep Elf Conjurer on June 24, 2017.
             Shot with an arrow by a centaur (10 damage)
             ... on level 6 of the Dungeon.
             The game lasted 00:50:29 (7429 turns).

protoss039 the Thaumaturge (Deep Elf Conjurer)      Turns: 7429, Time: 00:50:29

Health: 0/46       AC:  9    Str:  9    XL:     9   Next: 33%
Magic:  10/24      EV: 12    Int: 24    God:
Gold:   336        SH:  0    Dex: 15    Spells: 12/26 levels left

rFire    . . .     SeeInvis .   e - +0 dagger
rCold    . . .     Gourm    .   (no shield)
rNeg     . . .     Faith    .   x - +0 leather armour
rPois    .         Spirit   .   (no helmet)
rElec    .         Reflect  .   (no cloak)
rCorr    .         Harm     .   w - +1 pair of gloves {archery}
MR       +....                  (no boots)
Stlth    ++........             (no amulet)
Regen    0.2/turn               G - ring of protection from magic
MPRegen  0.2/turn               t - +4 ring of strength

@: no status effects
A: thin metallic scales 1, yellow scales 1, blink, frail 1
a: Blink


You were on level 6 of the Dungeon.
You were not hungry.

You visited 1 branch of the dungeon, and saw 7 of its levels.
You also visited: Ossuary.

You collected 336 gold pieces.

Inventory:

Hand Weapons
 e - a +0 dagger (weapon)
 q - a +2 trident of venom
 A - a +0 falchion of freezing
Armour
 a - a +0 robe
 w - a +1 pair of gloves of archery (worn)
 x - a +0 leather armour (worn)
 I - a +4 ring mail
Jewellery
 f - an uncursed ring of flight
 m - an uncursed ring of protection from magic
 t - a +4 ring of strength (right hand)
 y - an uncursed ring of ice
 E - a cursed ring of protection from fire
 G - a ring of protection from magic (left hand)
Wands
 j - a wand of confusion (14/48)
 l - a wand of iceblast (8/15)
 o - a wand of confusion (33/48)
 v - a wand of flame (30/48)
 D - a wand of polymorph (14/24)
 J - a wand of polymorph (14/24)
Scrolls
 g - 5 scrolls of recharging
 i - 3 scrolls of teleportation
 u - 4 scrolls of remove curse
 L - 2 scrolls of identify
Potions
 h - a potion of might {unknown}
 k - 2 potions of curing
 p - a potion of magic {unknown}
 r - a potion of berserk rage {unknown}
 s - a potion of invisibility {unknown}
 B - a potion of lignification {unknown}
 C - a potion of heal wounds {unknown}
 F - a potion of cancellation {unknown}
 H - 2 potions of agility
Books
 b - a book of Conjurations

   Spells                             Type                      Level
   a - Magic Dart                     Conjuration                  1
   b - Searing Ray                    Conjuration                  2
   c - Dazzling Spray                 Conjuration/Hexes            3
   d - Fulminant Prism                Conjuration/Hexes            4
   e - Force Lance                    Conjuration/Translocation    4
   f - Iskenderun's Mystic Blast      Conjuration                  4
 n - a book of Misfortune

   Spells                             Type                      Level
   a - Confusing Touch                Hexes                        1
   b - Confuse                        Hexes                        3
   c - Gell's Gravitas                Translocation                3
   d - Petrify                        Transmutation/Earth          4
   e - Metabolic Englaciation         Hexes/Ice                    5
   f - Yara's Violent Unravelling     Hexes/Transmutation          5
 z - a book of Maledictions

   Spells                             Type                      Level
   a - Corona                         Hexes                        1
   b - Ensorcelled Hibernation        Hexes/Ice                    2
   c - Confuse                        Hexes                        3
   d - Tukima's Dance                 Hexes                        3
   e - Dazzling Spray                 Conjuration/Hexes            3
Comestibles
 c - 5 bread rations
 d - 2 royal jellies
 K - a chunk of flesh


   Skills:
 - Level 3.8 Fighting
 + Level 2.8 Short Blades
 + Level 3.5 Armour
 - Level 2.4 Dodging
 - Level 2.4 Stealth
 + Level 9.3 Spellcasting
 + Level 8.1 Conjurations
 + Level 6.0 Hexes


You had 12 spell levels left.
You knew the following spells:

 Your Spells              Type           Power        Failure   Level  Hunger
a - Magic Dart            Conj           ####         1%          1    None
b - Searing Ray           Conj           ######       1%          2    None
c - Iskenderun's Mystic   Conj           ######..     2%          4    ##.....
d - Fulminant Prism       Conj/Hex       #####.....   4%          4    ##.....
e - Confuse               Hex            #####...     1%          3    None


Dungeon Overview and Level Annotations

Branches:
Dungeon (7/15)
 Temple: D:4-7

Altars:
Dithmenos
Kikubaaqudgha
Nemelex Xobeh
The Shining One


Innate Abilities, Weirdness & Mutations

You are partially covered in thin metallic scales. (AC +2)
You are partially covered in yellow scales. (AC +2)
You can translocate small distances at will.
You are frail. (-10% HP)


Message History

The centaur shoots an arrow.
The arrow hits you!
* * * LOW HITPOINT WARNING * * *
You see here an arrow.
Unknown command.
Casting: Magic Dart
Confirm with . or Enter, or press ? or * to list all spells.
Aiming: Searing Ray
Press: ? - help, Shift-Dir - straight line, f - centaur
Aim: a centaur, wielding a shortbow The searing ray hits the centaur.
The centaur is lightly wounded. (Press . to maintain the ray.)
The centaur shoots an arrow.
The arrow hits you!
* * * LOW HITPOINT WARNING * * *
You feel better.
The centaur shoots an arrow.
The arrow hits you!
* * * LOW HITPOINT WARNING * * *
Unknown command.
Unknown command.
You feel better.
The centaur shoots an arrow.
The arrow hits you!
You die...

#..?..###########.#.#........
###..>..#...........#..........
#.........####.##.#####.##.....
#...................#..........
#.........####.####.#.#.####...
###.....#.# #..##............#
#....##.# ##.#.#.#.#....##.#
###.#.##.#####.........###.#.#
#..........c(@...#.#..## ##..#
#.####....H###..#....## ##.#
#.# #......>....##...# #.#
#.###.รท....#.#..##.#.## ##.#
#.##..#...##..........## ##.##
#.##...#.###.#.###.###.###.###
#..)........##.# #.# ##...## #
#..#..#.....##.###.# #..## #
##.#..#.....##...#.# #.## #


You could see a hippogriff and a centaur.

Vanquished Creatures
  Sigmund (D:4)
  A phantom (D:6)
  An orc warrior (D:6)
  3 sky beasts
  2 ogres
  A necrophage (D:6)
  3 centaurs
  3 bullfrogs
  2 scorpions (D:4)
  A howler monkey (D:6)
  2 crimson imps (D:6)
  2 centaur zombies (Ossuary)
  5 orc wizards
  4 orc priests
  A gnoll shaman (D:5)
  A jelly (D:6)
  2 centaur skeletons
  Ijyb (D:4)
  6 iguanas
  6 worker ants
  4 hound zombies
  A hound skeleton (D:4)
  A worker ant zombie (D:5)
  4 gnolls (D:5)
  5 adders
  4 oozes
  2 adder zombies (Ossuary)
  3 worms
  A dart slug (D:4)
  2 leopard geckos (D:5)
  29 orcs
  2 ball pythons
  5 giant cockroaches
  5 goblins
  6 hobgoblins
  8 jackals
  4 quokkas
  11 bats
  2 frilled lizards
  A goblin zombie (Ossuary)
  3 hobgoblin zombies (Ossuary)
  5 jackal zombies (Ossuary)
  8 kobolds
  A kobold zombie (Ossuary)
  2 leopard gecko skeletons (D:4)
  2 quokka zombies (Ossuary)
  A rat (D:1)
  2 rat zombies (Ossuary)
172 creatures vanquished.

Vanquished Creatures (others)
  18 fulminant prisms
18 creatures vanquished.

Grand Total: 190 creatures vanquished

Notes
Turn   | Place    | Note
-------+----------+-------------------------------------------
     0 | D:1      | protoss039 the Deep Elf Conjurer began the quest for the Orb.
     0 | D:1      | Reached XP level 1. HP: 10/10 MP: 6/6
   139 | D:1      | Reached XP level 2. HP: 15/15 MP: 2/8
   259 | D:1      | Learned a level 2 spell: Searing Ray
   619 | D:1      | Reached skill level 5 in Conjurations
   625 | D:1      | Found a glowing golden altar of the Shining One.
   942 | D:2      | Found a faded altar of an unknown god.
  1071 | D:2      | Reached XP level 3. HP: 19/19 MP: 5/10
  1694 | D:3      | Reached skill level 4 in Spellcasting
  1694 | D:3      | Reached XP level 4. HP: 24/24 MP: 4/12
  1729 | D:3      | Learned a level 4 spell: Iskenderun's Mystic Blast
  2108 | D:3      | Reached skill level 1 in Fighting
  2108 | D:3      | Reached XP level 5. HP: 29/29 MP: 8/14
  2295 | D:3      | Reached skill level 5 in Spellcasting
  2902 | D:4      | Noticed Ijyb
  2923 | D:4      | Noticed an ogre
  3048 | D:4      | Killed an ogre
  3048 | D:4      | Reached skill level 6 in Spellcasting
  3048 | D:4      | Reached XP level 6. HP: 34/34 MP: 7/17
  3371 | D:4      | Found a shadowy altar of Dithmenos.
  3373 | D:4      | Found an ancient bone altar of Kikubaaqudgha.
  3416 | D:4      | Killed Ijyb
  3505 | D:4      | Reached skill level 7 in Spellcasting
  3579 | D:4      | Reached XP level 7. HP: 38/38 MP: 10/19
  3728 | D:4      | Noticed Sigmund
  3741 | D:4      | Killed Sigmund
  3741 | D:4      | Reached skill level 1 in Armour
  3831 | D:5      | Entered Level 5 of the Dungeon
  4153 | D:5      | Found a sparkling altar of Nemelex Xobeh.
  4377 | D:4      | Reached XP level 8. HP: 36/46 MP: 8/21
  4490 | D:5      | Gained mutation: You are weak. (Str -2) [mutagenic meat]
  4491 | D:5      | Gained mutation: You are very weak. (Str -4) [mutagenic meat]
  4518 | D:5      | Learned a level 4 spell: Fulminant Prism
  4613 | D:5      | Reached skill level 1 in Hexes
  5113 | D:5      | HP: 2/48 [something (6)]
  5149 | D:4      | Reached skill level 8 in Spellcasting
  5731 | D:6      | Found a sand-covered staircase.
  5744 | Ossuary  | Entered an ossuary
  5777 | Ossuary  | Reached skill level 1 in Short Blades
  6275 | D:6      | Reached skill level 5 in Hexes
  6435 | D:6      | Reached XP level 9. HP: 41/52 MP: 7/23
  6856 | D:6      | Reached skill level 9 in Spellcasting
  7027 | D:6      | Learned a level 3 spell: Confuse
  7399 | D:6      | Gained mutation: You can translocate small distances at will. [mutagenic meat]
  7403 | D:6      | Gained mutation: You are partially covered in thin metallic scales. (AC +2) [mutagenic meat]
  7404 | D:6      | Lost mutation: You are very weak. (Str -4) [mutagenic meat]
  7405 | D:6      | Lost mutation: You are weak. (Str -2) [mutagenic meat]
  7406 | D:6      | Gained mutation: You are frail. (-10% HP) [mutagenic meat]
  7407 | D:6      | Gained mutation: You are partially covered in yellow scales. (AC +2) [mutagenic meat]
  7428 | D:6      | HP: 1/46 [centaur/arrow (10)]
  7429 | D:6      | Shot with an arrow by a centaur

Skill      XL: |  1  2  3  4  5  6  7  8  9 |
---------------+----------------------------+-----
Conjurations   | 5 6 7 8 |  8.1
Spellcasting   | 4 6 7 8 9 |  9.3
Fighting       | 1 3 |  3.8
Armour         | 3 |  3.5
Hexes          | 5 6 |  6.0
Short Blades   | 1 2 |  2.8
Dodging        | |  2.4
Stealth        | |  2.4

Action                   |  1- 3 |  4- 6 |  7- 9 || total
-------------------------+-------+-------+-------++-------
Melee: Dagger            |       |    15 |    30 ||    45
 Cast: Magic Dart        |    77 |    95 |   134 ||   306
       Searing Ray       |     5 |    14 |    25 ||    44
       Iskenderun's Myst |       |     5 |     3 ||     8
       Fulminant Prism   |       |       |    19 ||    19
       Confuse           |       |       |     2 ||     2
 Abil: Blink             |       |       |     1 ||     1
  Use: Scroll            |     8 |       |     7 ||    15
       Potion            |       |       |     2 ||     2
  Eat: Chunk             |     2 |     7 |    16 ||    25
       Meat ration       |       |       |     1 ||     1
Armor: Leather armour    |       |     8 |     9 ||    17
       Robe              |       |       |    21 ||    21
Dodge: Dodged            |     4 |    26 |    78 ||   108
